 Dungeon Crawl Stone Soup version 0.28-a0-793-g31680bbd8b (webtiles) character file.

Game seed: 3808537019631316453

0 flotson the Sneak (level 1, -3/18 HPs)
             Began as a Demonspawn Delver on Nov 5, 2021.
             Slain by Eustachio (17 damage)
             ... on level 5 of the Dungeon.
             The game lasted 00:00:32 (43 turns).

flotson the Sneak (Demonspawn Delver)                 Turns: 43, Time: 00:00:33

Health: -3/18      AC:  3    Str: 12    XL:     1   Next: 0%
Magic:  1/1        EV: 11    Int: 11    God:
Gold:   10         SH:  0    Dex: 14    Spells: 0/0 levels left

rFire   . . .      SeeInvis .   a - +0 hand axe
rCold   . . .      Faith    .   (no shield)
rNeg    . . .      Spirit   .   b - +0 leather armour
rPois   .          Reflect  .   (no helmet)
rElec   .          Harm     .   (no cloak)
rCorr   .          Rampage  .   (no gloves)
Will    .....                   (no boots)
Stlth   ++........              (no amulet)
HPRegen 0.06/turn               (no ring)
MPRegen 0.07/turn               (no ring)

@: hasted, very quick
A: no striking features
a: no special abilities


You were on level 5 of the Dungeon.
You visited 1 branch of the dungeon, and saw 1 of its levels.

You collected 10 gold pieces.

Inventory:

Hand Weapons
 a - a +0 hand axe (weapon)
 h - a +0 shortbow
Missiles
 e - 22 arrows
Armour
 b - a +0 leather armour (worn)
Wands
 g - a wand of digging (3)
Scrolls
 c - a scroll of fog


   Skills:
 + Level 3.0 Fighting
 - Level 1.7 Axes
 + Level 0.0 Armour
 + Level 1.7 Dodging
 - Level 4.5 Stealth


You couldn't memorise any spells.
You didn't know any spells.
Your spell library was empty.

Dungeon Overview and Level Annotations

Branches:
Dungeon (5/15)
 Temple: D:4-7

Altars:
Elyvilon

Annotations:
D:5 Eustachio


Message History

Found 22 arrows and 10 gold pieces.
Found a stone staircase leading down.
Unknown command.
You see here 22 arrows.
Found a shortbow.
You now have 10 gold pieces.
Found a white marble altar of Elyvilon.
An ogre comes into view. It is wielding a +0 giant spiked club.
The ogre shouts!
You see here a +0 shortbow.
h - a +0 shortbow
As you read the scroll of fear, it crumbles to dust.
You assume a fearsome visage.
The ogre looks frightened!
A phantom and a skeleton come into view.
The ogre begs for mercy.
Cornered, the ogre turns to fight!
A gnoll comes into view. It is wielding a +0 club.
The gnoll moves out of view.
You see here 22 arrows.
e - 22 arrows
Okay, then.
Unknown command.
As you read the scroll of magic mapping, it crumbles to dust.
You feel aware of your surroundings.
You sensed 1 altar.
Eustachio the Magnificent comes into view.
He is wielding a +0 rapier.
Eustachio gestures wildly while chanting.
Eustachio blinks!
Eustachio gestures wildly while chanting.
You feel yourself speed up.
Eustachio casts a spell.
Eustachio blinks!
Found an escape hatch in the ceiling.
Eustachio casts a spell.
The rat barely misses you. The quokka barely misses you.
The rat barely misses you. The bat barely misses you.
Eustachio drinks a potion.
Eustachio seems to grow stronger.
The quokka bites you but does no damage.
The quokka bites you. Eustachio hits you with a +0 rapier!
Ouch! That really hurt!
You die...

O♣...####,,,,,,,,,,,,,,* *,*
.........,,,,*********,* *,*
O.≈######,,,,* *,* *,* .≈≈#
*,,,,* *,* *,* W###
*,,,,########*,* *,* #.#
*,,,,#......#*,*****,* #.#
****,#......#*,,,,,,,* ..#
#,#......#************ ..####
#.#.r@@..# *,,,,,* .>...#
#.#r.rb..##*****,***,* ..##.#
#............,,,,* *,*
..##.#########......####*******,*
..##....O..............,,,,,,,,,*
..#####################**********
###


You could see Eustachio (strong), 2 quokkas, a bat (summoned) and a rat
(summoned).

Vanquished Creatures (others)
  A quokka (D:5)
1 creature vanquished.

Notes
Turn   | Place    | Note
-------+----------+-------------------------------------------
     0 | D:5      | flotson the Demonspawn Delver began the quest for the Orb.
     0 | D:5      | Reached XP level 1. HP: 18/18 MP: 1/1
     9 | D:5      | Noticed an ogre
    14 | D:5      | Noticed a phantom
    32 | D:5      | Noticed Eustachio
    43 | D:5      | Slain by Eustachio

Illustrated notes

Levels and vault maps discovered:
D:5:      layout_basic, nicolae_wu_jian_wuxing_cycle, elyvilon_altar_4,
          uniq_eustachio

Action                   || total
-------------------------++-------
  Use: Scroll            ||     2
       Potion            ||     1
Armor: Leather armour    ||     1
Dodge: Dodged            ||     4

Table legend: (Time is in decaauts)
 A = Elapsed time spent in this place.
 B = Non-inter-level travel time spent in this place.
 C = Inter-level travel time spent in this place.
 D = Time resting spent in this place.
 E = Time spent auto-exploring this place.
 F = Levels seen in this place.
 G = Mean time per level.
                   A        B        C        D        E       F      G
               +--------+--------+--------+--------+--------+-----+--------+
         Total |     41 |     41 |      0 |      0 |      3 |   1 |   41.0 |
       Dungeon |     41 |     41 |      0 |      0 |      3 |   1 |   41.0 |
               +--------+--------+--------+--------+--------+-----+--------+

Top non-repeatable levels by time:
     D:5: 41 daAuts
